 Dungeon Crawl Stone Soup version 0.21.1-1-g345015f (webtiles) character file.

226 Yawgmoth the Magician (level 5, -4/39 HPs)
             Began as a Mummy Wizard on Feb 12, 2018.
             Slain by a gnoll
             ... wielding a +0 mace of protection
              (6 damage)
             ... on level 3 of the Dungeon.
             The game lasted 00:18:24 (5069 turns).

Yawgmoth the Magician (Mummy Wizard)                Turns: 5069, Time: 00:18:25

Health: -4/39      AC:  0    Str: 11    XL:     5   Next: 69%
Magic:  2/13       EV: 12    Int: 18    God:
Gold:   162        SH:  0    Dex: 10    Spells: 9/15 levels left

rFire    x . .     SeeInvis .   q - +1 war axe (chop)
rCold    + . .     Gourm    .   (no shield)
rNeg     + + +     Faith    .   o - -2 robe (curse)
rPois    ∞         Spirit   .   b - +0 hat
rElec    .         Reflect  .   (no cloak)
rCorr    .         Harm     .   (no gloves)
MR       .....                  (no boots)
Stlth    ++........             (no amulet)
HPRegen  0.13/turn              (no ring)
MPRegen  0.13/turn              (no ring)

@: no status effects
A: no food or potions, fire vulnerability, cold resistance 1, negative energy
resistance 3, torment resistance, unbreathing
a: no special abilities


You were on level 3 of the Dungeon.
You were not hungry.

You visited 1 branch of the dungeon, and saw 5 of its levels.

You collected 162 gold pieces.

Inventory:

Hand Weapons
 e - a +0 flail
   (You took it off an orc on level 2 of the Dungeon)
 i - a +0 hunting sling
   (You found it on level 1 of the Dungeon)
 l - a +3 dagger of venom
   (You found it on level 2 of the Dungeon)
 n - a +3 mace of draining
   (You took it off an orc on level 3 of the Dungeon)
 q - a +1 war axe of chopping (weapon)
   (You found it on level 4 of the Dungeon)
Missiles
 f - 85 stones (quivered)
 p - 21 sling bullets
Armour
 a - a +0 robe
 b - a +0 hat (worn)
 o - a cursed -2 robe (worn)
   (You found it on level 3 of the Dungeon)
Scrolls
 d - 4 scrolls of identify {unknown}
 g - 5 scrolls of enchant weapon
 h - 2 scrolls of fear {unknown}
 j - 2 scrolls of blinking {unknown}
 k - 4 scrolls of remove curse {unknown}
 m - a scroll of random uselessness {unknown}
 r - a scroll of enchant armour {unknown}
Books
 c - a book of Minor Magic


   Skills:
 + Level 2.4 Fighting
 - Level 1.7 Dodging
 - Level 1.7 Stealth
 + Level 5.7 Spellcasting
 + Level 2.8 Conjurations
   Level 0.7 Summonings
 - Level 0.7 Translocations


You had 9 spell levels left.
You knew the following spells:

 Your Spells              Type           Power        Failure   Level  Hunger
a - Magic Dart            Conj           ###.         3%          1    N/A
b - Blink                 Tloc           N/A          14%         2    N/A
x - Mephitic Cloud        Conj/Pois/Air  #.......     26%         3    N/A

Dungeon Overview and Level Annotations

Branches:
Dungeon (5/15)
 Temple: D:4-7

Altars:
Cheibriados
Fedhas
Ru
Sif Muna

Annotations:
D:3 myopia's ghost, amateur DECj


Innate Abilities, Weirdness & Mutations

You do not eat or drink.
Your flesh is vulnerable to fire.
You are immune to poison.
Your flesh is cold resistant. (rC+)
You are immune to negative energy. (rN+++)
You are immune to unholy pain and torment.
You can survive without breathing.


Message History

The magic dart hits the orc.
The orc shouts!
You now have 12/13 mp.
Aim: an orc, wielding a war axe and wearing a robe The magic dart hits the orc.
You now have 11/13 mp.
Aim: an orc, wielding a war axe and wearing a robe (heavily wounded)
The magic dart hits the orc.
You kill the orc!
You now have 10/13 mp.
You don't know that spell.
You start resting.
MP restored: 13
Things that are here:
a war axe; a robe; an orc corpse A giant cockroach comes into view.
Aim: a giant cockroach (hasn't noticed you)
The magic dart hits the giant cockroach.
You now have 12/13 mp.
Aim: a giant cockroach (heavily wounded, clinging)
The magic dart hits the giant cockroach.
You now have 11/13 mp.
Aim: a giant cockroach (heavily wounded, clinging)
The magic dart hits the giant cockroach.
You now have 10/13 mp.
Aim: a giant cockroach (heavily wounded)
The magic dart hits the giant cockroach.
You kill the giant cockroach!
You now have 9/13 mp.
A frilled lizard comes into view.
Aim: a frilled lizard (hasn't noticed you)
The magic dart hits the frilled lizard.
The frilled lizard hisses angrily.
You now have 8/13 mp.
Aim: a frilled lizard (heavily wounded)
The magic dart hits the frilled lizard.
You kill the frilled lizard!
Found a stone staircase leading down. 2 gnolls come into view.
A gnoll is wielding a mace of protection.
The gnoll shouts!
You hear a shout!
The gnoll moves out of view.
A gnoll comes into view. It is wielding a flail.
Things that are here:
a war axe; a robe; an orc corpse
Okay, then.
Things that are here:
a club; a kobold skeleton
Aim: a gnoll, wielding a mace of protection The magic dart hits the gnoll.
The gnoll barely misses you.
You now have 10/13 mp.
Aim: a gnoll, wielding a mace of protection (lightly wounded)
The magic dart hits the gnoll.
You now have 9/13 mp.
You closely miss the gnoll. You hit the gnoll.
The gnoll hits you with a mace of protection.
The gnoll hits you with a flail! The gnoll barely misses you.
You take 11 damage, and have 28/39 hp.
MASSIVE DAMAGE!!
You closely miss the gnoll. The gnoll misses you.
Aim: a gnoll, wielding a mace of protection (moderately wounded)
The magic dart hits the gnoll.
The gnoll barely misses you.
You now have 9/13 mp.
Aim: a gnoll, wielding a mace of protection (moderately wounded)
The magic dart hits the gnoll.
The gnoll hits you with a flail.
You take 6 damage, and have 23/39 hp.
You now have 8/13 mp.
Aim: a gnoll, wielding a mace of protection (moderately wounded)
The magic dart hits the gnoll.
The gnoll barely misses you.
You now have 7/13 mp.
Aim: a gnoll, wielding a mace of protection (moderately wounded)
The magic dart hits the gnoll.
The gnoll barely misses you.
You now have 6/13 mp.
Aim: a gnoll, wielding a mace of protection (moderately wounded)
The magic dart hits the gnoll.
You kill the gnoll!
You now have 5/13 mp.
Aim: a gnoll, wielding a mace of protection (moderately wounded)
The magic dart hits the gnoll.
The gnoll hits you with a mace of protection!
You take 8 damage, and have 15/39 hp.
MASSIVE DAMAGE!!
You now have 4/13 mp.
Unknown command.
You hit the gnoll but do no damage. The gnoll closely misses you.
Aim: a gnoll, wielding a mace of protection (moderately wounded)
The magic dart hits the gnoll.
The gnoll hits you with a mace of protection!
* * * LOW HITPOINT WARNING * * *
You take 10 damage, and have 5/39 hp.
MASSIVE DAMAGE!!
You now have 4/13 mp.
Aim: a gnoll, wielding a mace of protection (heavily wounded)
The magic dart hits the gnoll.
The gnoll hits you with a mace of protection.
* * * LOW HITPOINT WARNING * * *
You take 3 damage, and have 2/39 hp.
You now have 3/13 mp.
Aim: a gnoll, wielding a mace of protection (heavily wounded)
The magic dart hits the gnoll.
The gnoll hits you with a mace of protection.
You die...

#.....# #.....# #.....####
###....).### #.####...#
#.######)# #....# #.#
####.# #.# # #.###@# #. #.
# #..##g# #.# . ## ##....#
#.###.# #. ###..# #...#.#
#. #..######.....# #.
#...........## #.
##.......##..### #.
############.)##.......###.
##...)...# ##..........!##.


You could see a gnoll.

Vanquished Creatures
  2 orc wizards (D:3)
  A worker ant (D:5)
  A hound zombie (D:4)
  3 gnolls
  A howler monkey skeleton (D:5)
  2 adders
  An ooze (D:2)
  A worm (D:2)
  3 dart slugs
  7 orcs
  4 giant cockroaches
  7 goblins
  A hobgoblin (D:2)
  5 kobolds
  4 quokkas (D:2)
  9 bats
  6 frilled lizards
  7 rats
65 creatures vanquished.

Notes
Turn   | Place    | Note
-------+----------+-------------------------------------------
     0 | D:1      | Yawgmoth the Mummy Wizard began the quest for the Orb.
     0 | D:1      | Reached XP level 1. HP: 13/13 MP: 5/5
    97 | D:1      | Reached skill level 1 in Conjurations
   351 | D:1      | Reached XP level 2. HP: 19/19 MP: 0/7
  1313 | D:2      | Reached XP level 3. HP: 23/24 MP: 0/9
  2009 | D:2      | Learned a level 2 spell: Blink
  2013 | D:2      | Learned a level 3 spell: Mephitic Cloud
  2103 | D:2      | Found a snail-covered altar of Cheibriados.
  2433 | D:2      | HP: 1/25 [gnoll/antimagic spear (7)]
  2435 | D:2      | Reached skill level 1 in Fighting
  2435 | D:2      | Reached skill level 5 in Spellcasting
  2435 | D:2      | Reached skill level 2 in Conjurations
  2435 | D:2      | Reached XP level 4. HP: 1/32 MP: 0/11
  2864 | D:2      | Found a blossoming altar of Fedhas.
  2864 | D:2      | Found a sacrificial altar of Ru.
  3169 | D:3      | Noticed myopia's ghost (amateur DECj)
  4214 | D:3      | You fall through a shaft for 2 floors!
  4214 | D:5      | Entered Level 5 of the Dungeon
  4399 | D:5      | Reached XP level 5. HP: 26/38 MP: 3/12
  4524 | D:4      | Found a deep blue altar of Sif Muna.
  4691 | D:3      | Reached skill level 2 in Fighting
  5067 | D:3      | HP: 5/39 [gnoll/mace of protection (11)]
  5068 | D:3      | HP: 2/39 [gnoll/mace of protection (3)]
  5069 | D:3      | Slain by a gnoll

Skill      XL: |  1  2  3  4  5 |
---------------+----------------+-----
Conjurations   | 1 2 |  2.8
Fighting       | 1 2 |  2.4
Spellcasting   | 5 |  5.7
Dodging        | |  1.7
Stealth        | |  1.7
Summonings     | |  0.7
Translocations | |  0.7

Action                   |  1- 3 |  4- 6 || total
-------------------------+-------+-------++-------
Melee: Unarmed           |     9 |       ||     9
       Dagger            |     6 |     6 ||    12
       War axe           |       |    10 ||    10
 Cast: Magic Dart        |   106 |    91 ||   197
       Mephitic Cloud    |       |     1 ||     1
  Use: Scroll            |       |     1 ||     1
Armor: Robe              |     7 |       ||     7
Dodge: Dodged            |    24 |    54 ||    78

Vault maps used:
D:1:      dpeg_arrival_three_same_balls, serial_corexii_hall,
          corexii_hall_statues_l, corexii_hall_statues_i, minivault_14
D:2:      wad_woods_tower, kennysheep_slug_shrine,
          amethyst_overflow_temple_binary
D:3:      first_ration, chequers_ecumenical_altar_twisty
D:4:      nicolae_overflow_crystal_walls
D:5:      minmay_temple_entry_large_hall

Table legend:
 A = Turns spent in this place as a percentage of turns spent in the entire game.
 B = Non-inter-level travel turns spent in this place as a percentage of non-inter-level travel turns spent in the entire game.
 C = Inter-level travel turns spent in this place as a percentage of turns spent in this place.
 D = Turns resting spent in this place as a percentage of non-inter-level travel turns spent in this place.
 E = Turns spent auto-exploring this place as a percentage of non-inter-level travel turns spent in this place.
 F = Non-inter-level travel turns spent in this place divided by the number of levels of this place that you've seen.
                   A       B       C       D       E      F
               +-------+-------+-------+-------+-------+----------------------
         Total | 100.0 | 100.0 |   2.3 |  55.3 |  26.3 | 990.8
       Dungeon | 100.0 | 100.0 |   2.3 |  55.3 |  26.3 | 990.8
               +-------+-------+-------+-------+-------+----------------------

Table legend:
 A = Kills in this place as a percentage of kills in entire the game.
 B = Kills by you in this place as a percentage of kills by you in the entire game.
 C = Kills by friends in this place as a percentage of kills by friends in the entire game.
 D = Other kills in this place as a percentage of other kills in the entire game.
 E = Experience gained in this place as a percentage of experience gained in the entire game.
 F = Experience gained in this place divided by the number of levels of this place that you have seen.
                   A       B       C       D       E      F
               +-------+-------+-------+-------+-------+----------------------
         Total | 100.0 | 100.0 |   N/A |   N/A | 100.0 |  64.8
       Dungeon | 100.0 | 100.0 |   N/A |   N/A | 100.0 |  64.8
               +-------+-------+-------+-------+-------+----------------------
